 Dungeon Crawl Stone Soup version 0.28-a0-258-g8de209e91f (webtiles) character file.

Game seed: 16164600680012780950

7 aSlayers the Skirmisher (level 1, 0/18 HPs)
             Began as a Demonspawn Abyssal Knight on Aug 26, 2021.
             Was a Follower of Lugonu.
             Constricted to death by a ball python (1 damage)
             ... on level 1 of the Dungeon.
             The game lasted 00:01:19 (174 turns).

aSlayers the Skirmisher (Demonspawn Abyssal Knight)  Turns: 174, Time: 00:01:19

Health: 0/18       AC:  6    Str: 12    XL:     1   Next: 91%
Magic:  2/2        EV:  6    Int: 13    God:    Lugonu [*.....]
Gold:   0          SH:  0    Dex: 12    Spells: 0/0 levels left

rFire   . . .      SeeInvis .   a - +1 falchion
rCold   . . .      Faith    .   (no shield)
rNeg    . . .      Spirit   .   c - +0 scale mail
rPois   .          Reflect  .   (no helmet)
rElec   .          Harm     .   (no cloak)
rCorr   .          Rampage  .   (no gloves)
Will    .....                   (no boots)
Stlth   ..........              (no amulet)
HPRegen 0.06/turn               (no ring)
MPRegen 0.08/turn               (no ring)

@: constricted
A: no striking features
a: Renounce Religion, Depart the Abyss


You were on level 1 of the Dungeon.
You worshipped Lugonu.
Lugonu was aware of your devotion.
You visited 1 branch of the dungeon, and saw 1 of its levels.
You visited the Abyss 1 time.

Inventory:

Hand Weapons
 a - a +1 falchion (weapon)
Armour
 b - a +0 leather armour
 c - a +0 scale mail (worn)


   Skills:
 + Level 3.3 Fighting
 + Level 1.7 Long Blades
 + Level 2.0 Armour
 + Level 0.8 Dodging
 + Level 2.5 Invocations


You couldn't memorise any spells.
You didn't know any spells.
Your spell library was empty.

Dungeon Overview and Level Annotations

Branches:
Dungeon (1/15)

Altars:


Message History

Your scale mail prevents you from hitting the goblin.
The goblin is heavily wounded.
The goblin barely misses you. The hobgoblin closely misses you.
You riposte.
You hit the hobgoblin.
The hobgoblin is almost dead.
You closely miss the goblin.
The goblin is heavily wounded.
The goblin hits you but does no damage. The hobgoblin barely misses you.
The goblin hits you but does no damage.
You hit the goblin.
You kill the goblin!
Lugonu accepts your kill. The hobgoblin hits you.
* * * LOW HITPOINT WARNING * * *
Your Armour skill increases to level 2!
Unknown command.
Unknown command.
There are no items here. 2 ball pythons come into view.
The ball python hisses angrily. x2
The hobgoblin hits you but does no damage.
As you read the scroll labelled ECWUOBL RASYIWN, it crumbles to dust.
It is a scroll of identify.
You don't have any unidentified items.
The hobgoblin closely misses you.
Unknown command.
Unknown command.
The hobgoblin closely misses you.
You barely miss the hobgoblin.
The hobgoblin is almost dead.
The hobgoblin hits you but does no damage.
You hit the hobgoblin.
You kill the hobgoblin!
Lugonu accepts your kill.
The ball python bites you but does no damage.
The ball python grabs you. The ball python constricts you.
The ball python bites you.
* * * LOW HITPOINT WARNING * * *
The ball python constricts you.
You die...

###.........##
.............
............#. .....
.............#....
#.........#.....
#.........##...##
#......####..#..####
...####)...S@#...........#
...........S.#...........#
...#####.#####.⌠...<...⌠.#
#.# #...........# ####.###
#...........# ### #......#
##..#####..##
#####.###.##.#.# #...#
#...# ..[..#....(..#.#
#...###...#
##..###......#.#
##...#...##


You could see 2 ball pythons.

Vanquished Creatures
  A ball python (D:1)
  A bat (D:1)
  A goblin (D:1)
  A hobgoblin (D:1)
  A frilled lizard (D:1)
  2 rats (D:1)
7 creatures vanquished.

Notes
Turn   | Place    | Note
-------+----------+-------------------------------------------
     0 | Abyss:1  | aSlayers the Demonspawn Abyssal Knight began the quest for
                  | the Orb.
     0 | Abyss:1  | Reached XP level 1. HP: 18/18 MP: 2/2
    15 | D:1      | Escaped the Abyss
   174 | D:1      | Constricted to death by a ball python

Illustrated notes

Levels and vault maps discovered:
D:1:      dpeg_arrival_arbitrary_c, layout_loops_cross, st_stairs_8,
          chequers_arboretum, minmay_pentomino_p2

Skill      XL: |  1 |
---------------+----+-----
Armour         | 2 |  2.0
Fighting       | |  3.3
Long Blades    | |  1.7
Dodging        | |  0.8
Invocations    | |  2.5

Action                   || total
-------------------------++-------
Melee: Falchion          ||    17
  Use: Scroll            ||     1
Armor: Scale mail        ||    11
Dodge: Dodged            ||    15
       Rpst.: Falchion   ||     3

Table legend: (Time is in decaauts)
 A = Elapsed time spent in this place.
 B = Non-inter-level travel time spent in this place.
 C = Inter-level travel time spent in this place.
 D = Time resting spent in this place.
 E = Time spent auto-exploring this place.
 F = Levels seen in this place.
 G = Mean time per level.
                   A        B        C        D        E       F      G
               +--------+--------+--------+--------+--------+-----+--------+
         Total |    177 |    177 |      0 |      0 |     73 |   2 |   88.5 |
       Dungeon |    162 |    162 |      0 |      0 |     65 |   1 |  162.0 |
         Abyss |     15 |     15 |      0 |      0 |      8 |   1 |   15.0 |
               +--------+--------+--------+--------+--------+-----+--------+

Top non-repeatable levels by time:
     D:1: 162 daAuts
 Abyss:1: 15 daAuts
